Map: Romanticide LE

Players

Seither - Winner!

  • Race: Terran Terran

MeomaikA

  • Race: Zerg Zerg

Event: DreamHack SC2 Masters 2021 Winter

VOD

Have the link to the VOD?

Description

Time

  • Played on: Sept. 30, 2021, 5:15 a.m.
  • Length: 7:22

All games in this series

Show
View Real Time Build Order
Export as new Build Order

Seither Terran - Winner!

Build Orders:  

Get SALT Encoding   

  12  0:00  SCV  
  13  0:12  SCV  
  14  0:16  Supply Depot  
  14  0:24  SCV  
  15  0:38  SCV  
  15  0:39  Barracks  
  16  0:44  Refinery  
  16  0:50  SCV  
  17  1:02  SCV  
  18  1:14  SCV  
  19  1:27  Marine, Orbital Command  
  20  1:41  Command Center  
  20  1:50  Factory  
  20  1:55  SCV  
  21  2:02  Supply Depot  
  21  2:07  Marine  
  22  2:13  Bunker  
  22  2:16  SCV  
  23  2:26  Barracks Reactor  
  23  2:27  Refinery  
  23  2:28  SCV  
  24  2:34  Hellion  
  26  2:43  Starport  
  26  2:45  SCV  
  26  2:54  Orbital Command  
  26  3:01  Hellion  
  26  3:03  SCV  
  29  3:06  Marine  
  29  3:08  Marine  
  31  3:15  SCV  
  32  3:22  Medivac  
  34  3:27  Marine x2  
  34  3:29  Widow Mine  
  34  3:30  SCV x2  
  40  3:36  Supply Depot  
  40  3:42  SCV  
  40  3:43  SCV  
  40  3:45  Marine x2  
  44  3:52  Factory Tech Lab  
  44  3:54  SCV  
  44  3:55  SCV  
  46  3:59  Supply Depot  
  46  4:10  Starport Reactor  
  46  4:12  Barracks Tech Lab, Barracks x2  
  46  4:13  SCV  
  46  4:15  SCV  
  48  4:20  Siege Tank  
  51  4:25  SCV  
  51  4:27  SCV  
  53  4:36  Marine  
  53  4:37  SCV  
  54  4:39  SCV, Engineering Bay  
  54  4:49  SCV  
  54  4:51  SCV  
  56  4:53  Supply Depot  
  56  4:54  Refinery  
  56  4:55  Siege Tank, Marine  
  56  5:01  Starport Reactor  
  56  5:02  SCV, Stimpack  
  56  5:03  SCV  
  56  5:06  Terran Infantry Weapons Level 1  
  58  5:09  Marine x2  
  58  5:11  Marine  
  58  5:12  Marine  
  62  5:15  SCV x2  
  62  5:16  Supply Depot  
  64  5:24  Supply Depot  
  64  5:26  Marine  
  64  5:27  SCV x2, Marine x2  
  69  5:29  Marine  
  68  5:37  Siege Tank  
  68  5:39  SCV  
  68  5:40  SCV  
  73  5:45  Marine x2  
  61  6:04  Marine  
  62  6:12  Marine  
  62  6:20  Medivac  
  61  6:27  Siege Tank, Marine x2  
  66  6:36  SCV x2  
  68  6:40  Refinery  
  68  6:41  Marine x2  
  68  6:42  Marine  
  71  6:48  Marine x2  
Show
View Real Time Build Order
Export as new Build Order

MeomaikA Zerg 

Build Orders: Pool First, Roach Nydus 

Get SALT Encoding   

  12  0:00  Drone  
  13  0:08  Drone  
  14  0:16  Overlord  
  14  0:24  Drone, Extractor  
  15  0:35  Drone x2  
  17  0:44  Spawning Pool  
  17  0:48  Drone  
  17  1:09  Hatchery  
  16  1:11  Drone  
  16  1:13  Extractor  
  16  1:15  Drone  
  17  1:20  Drone  
  18  1:31  Zergling x2  
  18  1:32  Queen  
  21  1:39  Drone  
  22  1:49  Overlord  
  22  2:08  Drone, Queen  
  23  2:11  Drone  
  23  2:13  Metabolic Boost  
  26  2:21  Drone  
  26  2:22  Drone  
  28  2:31  Drone  
  28  2:32  Drone  
  30  2:40  Drone x3  
  33  2:46  Drone x2  
  35  2:55  Drone  
  35  2:57  Overlord  
  35  2:58  Hatchery  
  36  3:05  Drone  
  36  3:06  Overlord  
  36  3:17  Extractor  
  36  3:18  Zergling x4  
  37  3:22  Queen  
  37  3:25  Drone  
  37  3:26  Drone x3  
  43  3:31  Lair  
  43  3:32  Drone  
  44  3:36  Drone  
  44  3:38  Drone  
  46  3:42  Roach Warren  
  46  3:48  Drone x3  
  47  3:51  Zergling x2  
  47  3:55  Zergling x6  
  51  3:59  Overlord  
  52  4:04  Overlord  
  52  4:13  Overlord  
  52  4:20  Drone  
  52  4:21  Drone x2, Overlord  
  55  4:24  Drone  
  56  4:32  Spore Crawler  
  56  4:35  Roach x2  
  56  4:36  Roach  
  56  4:37  Nydus Network  
  59  4:38  Roach  
  59  4:43  Roach  
  57  4:49  Roach  
  57  4:52  Roach  
  59  4:56  Roach  
  61  5:03  Queen  
  63  5:10  Roach  
  63  5:11  Roach x2  
  69  5:14  Nydus Canal  
  69  5:15  Roach  
  69  5:21  Roach x2  
  75  5:22  Zergling x4  
  75  5:23  Zergling x2  
  75  5:26  Zergling x4  
  75  5:27  Overseer  
  80  5:29  Zergling x2  
  80  5:32  Zergling x2  
  80  5:33  Zergling x2  
  80  5:35  Zergling x2  
  77  5:37  Zergling x2  
  77  5:39  Zergling x2  
  77  5:41  Zergling x2  
  66  5:45  Zergling x4  
  60  5:53  Drone  
  60  5:55  Ravager x2  
  60  5:56  Drone x2  
  64  6:04  Zergling x2  
  64  6:06  Zergling x4  
  64  6:07  Queen  
  64  6:11  Ravager  
  69  6:14  Zergling x2  
  69  6:17  Zergling x2  
  71  6:19  Zergling x2  
  71  6:25  Zergling x2  
  69  6:28  Zergling x4  
  69  6:29  Zergling x4  
  69  6:32  Ravager  
  73  6:35  Zergling x2, Queen x2  
  73  6:38  Ravager  
  79  6:41  Zergling x4  
  79  6:43  Queen  
  82  6:48  Zergling x2  
  82  6:50  Zergling x2  
  82  6:53  Zergling x2  
  77  6:56  Zergling x2  

Tags
 
Add a new tag
Caveats
  • Supply blocks, unpowered buildings, or Contaminate may cause inaccurate times.
  • Supply counts are checked every 10 seconds.